 Dungeon Crawl Stone Soup version 0.24.0-125-gc4c63601f3 (webtiles) character file.

Game seed: 4161193064290413755, levelgen mode: deterministic

646 nightchill the Caller (level 7, -1/51 HPs)
             Began as a Vampire Summoner on Mar 21, 2020.
             Was an Initiate of Sif Muna.
             Slain by a centaur (5 damage)
             ... on level 6 of the Dungeon.
             The game lasted 00:19:09 (5484 turns).

nightchill the Caller (Vampire Summoner)            Turns: 5484, Time: 00:19:09

Health: -1/51      AC:  4    Str:  9    XL:     7   Next: 27%
Magic:  13/16      EV: 12    Int: 18    God:    Sif Muna [......]
Gold:   213        SH:  0    Dex: 14    Spells: 2/13 levels left

rFire    . . .     SeeInvis +   b - +1 trident (venom)
rCold    . . .     Gourm    .   (no shield)
rNeg     . . .     Faith    .   j - +0 robe
rPois    .         Spirit   .   E - +0 Maxwell's etheric cage {RegenMP+ *Contam rElec MP+4}
rElec    +         Reflect  .   (no cloak)
rCorr    .         Harm     .   u - +0 pair of gloves
MR       .....                  (no boots)
Stlth    ++........             (no amulet)
HPRegen  0.37/turn              (no ring) MPRegen 0.65/turn*
                                (no ring)

@: very slightly contaminated, regenerating quickly
A: no food, fangs 3, see invisible, unbreathing
a: Exsanguinate, Renounce Religion


You were on level 6 of the Dungeon.
You worshipped Sif Muna.
Sif Muna was noncommittal.
You were alive.

You visited 2 branches of the dungeon, and saw 7 of its levels.

You collected 213 gold pieces.

Inventory:

Hand Weapons
 a - a +2 dagger of freezing
 b - a +1 trident of venom (weapon)
 c - a +0 whip
 d - a +0 short sword
Missiles
 i - 121 stones (quivered)
 w - 3 silver boomerangs
Armour
 g - a +0 leather armour
 j - a +0 robe (worn)
 l - a +0 leather armour
 u - a +0 pair of gloves (worn)
 E - the +0 Maxwell's etheric cage (worn) {RegenMP+ *Contam rElec MP+4}
   (You found it on level 6 of the Dungeon)

   It insulates you from electricity.
   It affects your magic capacity (+4).
   It causes magical contamination when unequipped.
Jewellery
 v - a cursed -4 ring of dexterity {unknown}
Wands
 C - a wand of scattershot (5)
 D - a wand of iceblast (4)
Scrolls
 e - a scroll of fog {unknown}
 k - 2 scrolls of enchant weapon {unknown}
 m - a scroll of immolation {unknown}
 p - 11 scrolls of identify {unknown}
 q - 2 scrolls of remove curse {unknown}
 r - 2 scrolls of teleportation {unknown}
 y - a scroll of random uselessness {unknown}
 z - 2 scrolls of magic mapping {unknown}
 A - 2 scrolls of enchant armour {unknown}
Potions
 f - 2 potions of brilliance {unknown}
 h - 2 potions of magic {unknown}
 n - 2 potions of mutation {unknown}
 o - a potion of degeneration {unknown}
 s - a potion of invisibility {unknown}
 t - a potion of lignification {unknown}
 x - a potion of ambrosia {unknown}
 B - a potion of curing {unknown}


   Skills:
 + Level 2.6 Fighting
 * Level 3.3 Polearms
 - Level 2.1 Dodging
 - Level 3.0 Stealth
 + Level 3.6 Spellcasting
 * Level 6.4 Summonings


You had 2 spell levels left.
You knew the following spells:

 Your Spells              Type           Power        Failure   Level  Hunger
a - Summon Small Mammal   Summ           ####         1%          1    N/A
b - Call Imp              Summ           ####....     1%          2    N/A
c - Call Canine Familiar  Summ           ####....     3%          3    N/A
d - Summon Lightning Spi  Summ/Air       ##......     38%         4    N/A
e - Animate Skeleton      Necr           N/A          16%         1    N/A

Your spell library contained the following spells:

 Spells                   Type           Power        Failure   Level  Hunger
 Pain                     Necr           #...         16%         1    N/A
 Summon Guardian Golem    Hex/Summ       ##......     12%         3    N/A
 Summon Ice Beast         Ice/Summ       ##......     38%         4    N/A
 Regeneration             Chrm/Necr      #.........   43%         3    N/A
 Vampiric Draining        Necr           #.........   43%         3    N/A
 Animate Dead             Necr           N/A          83%         4    N/A

Dungeon Overview and Level Annotations

Branches:
Dungeon (6/15)             Temple (1/1) D:5

Altars:
Ashenzari
Cheibriados
Elyvilon
Hepliaklqana
Kikubaaqudgha
Makhleb
Nemelex Xobeh
Okawaru
Qazlal
Sif Muna
Uskayaw
Vehumet
Wu Jian
Xom
Yredelemnul
The Shining One


Innate Abilities, Weirdness & Mutations

You do not eat.
Your natural rate of healing is unusually fast.
You have razor-sharp teeth.
You have supernaturally acute eyesight. (SInv)
You can survive without breathing.


Message History

The arrow hits your hound.
Your hound dies!
Your hound's corpse disappears in a puff of smoke!
The centaur unwields a +0 shortbow.
The centaur hits you.
Your crimson imp blinks!
You see here an arrow.
You barely miss the centaur.
The centaur is lightly wounded.
The centaur hits you but does no damage.
The centaur hits you!
* * * LOW HITPOINT WARNING * * *
Casting: Call Canine Familiar (safe; 3% risk of failure)
Confirm with . or Enter, or press ? or * to list all spells.
The centaur hits you!
* * * LOW HITPOINT WARNING * * *
Okay, then.
You hit the centaur.
The centaur is moderately wounded.
The centaur misses you. The centaur hits you.
You die...

..........# #........
..........#######.....#..
.......[..##... #####.#.#
.......(..##.##.#...#.#.#
..........'.....#.#.#.#.#
.>.....(..##.####.#...(.#
....$...(.##.##..<###.###
........$.##.##.#.#...#.#
...5...h@.##.##.........#
.........c##.............
...........####...#......
##########.............##
#..#...........#
#..........#...#
#......[.......#
........#....#....
.##.....###..#.###


You could see a centaur, a friendly hound and a friendly crimson imp.

Vanquished Creatures
  A black bear (D:6)
  An ogre (D:5)
  A scorpion (D:4)
  A hound (D:4)
  An orc priest (D:5)
  3 orc wizards (D:5)
  An iguana (D:5)
  A worker ant (D:5)
  A killer bee zombie (D:5)
  An adder (D:4)
  A shadow imp (D:5)
  An adder skeleton (D:5)
  A dart slug (D:2)
  11 orcs
  3 giant cockroaches
  6 goblins
  4 hobgoblins
  5 jackals
  A kobold (D:2)
  2 quokkas
  5 bats
  6 frilled lizards
  A quokka zombie (D:5)
  7 rats
66 creatures vanquished.

Vanquished Creatures (collateral kills)
  Menkaure (D:6)
  A bullfrog skeleton (D:5)
  An iguana (D:6)
  An orc wizard (D:5)
  3 adders
  An ooze (D:5)
  A leopard gecko (D:2)
  10 orcs
  A giant cockroach (D:1)
  3 hobgoblins
  3 jackals (D:3)
  A quokka (D:5)
  A ball python (D:1)
  2 frilled lizards
  A goblin (D:2)
  A kobold (D:1)
  A leopard gecko skeleton (D:4)
  A leopard gecko zombie (D:5)
  A rat (D:1)
35 creatures vanquished.

Grand Total: 101 creatures vanquished

Notes
Turn   | Place    | Note
-------+----------+-------------------------------------------
     0 | D:1      | nightchill the Vampire Summoner began the quest for the
                  | Orb.
     0 | D:1      | Reached XP level 1. HP: 13/13 MP: 3/3
   268 | D:1      | Reached XP level 2. HP: 9/19 MP: 5/5
   307 | D:1      | Learned a level 2 spell: Call Imp
  1414 | D:1      | Reached XP level 3. HP: 20/25 MP: 3/6
  1442 | D:1      | Learned a level 3 spell: Call Canine Familiar
  2453 | D:3      | Reached skill level 1 in Fighting
  2510 | D:3      | Reached skill level 5 in Summonings
  2640 | D:3      | Found a hazy altar of Hepliaklqana.
  2642 | D:3      | Found an ornate altar of the Wu Jian Council.
  2866 | D:3      | Reached XP level 4. HP: 32/32 MP: 2/7
  3185 | D:4      | Reached skill level 1 in Polearms
  3185 | D:4      | Reached XP level 5. HP: 37/37 MP: 9/9
  3820 | D:5      | Entered Level 5 of the Dungeon
  3826 | D:5      | Noticed an ogre
  3840 | D:5      | Killed an ogre
  3936 | D:5      | Found a staircase to the Ecumenical Temple.
  4010 | D:5      | Reached XP level 6. HP: 43/44 MP: 4/10
  4063 | Temple   | Entered the Ecumenical Temple
  4123 | Temple   | Became a worshipper of Sif Muna the Loreminder
  4371 | D:5      | Found a basalt altar of Yredelemnul.
  4602 | D:5      | Reached skill level 6 in Summonings
  4980 | D:5      | Found a radiant altar of Vehumet.
  5160 | D:6      | Learned a level 4 spell: Summon Lightning Spire
  5162 | D:6      | Learned a level 1 spell: Animate Skeleton
  5193 | D:6      | Found the +0 Maxwell's etheric cage {RegenMP+ *Contam rElec
                  | MP+4}
  5212 | D:6      | Reached XP level 7. HP: 51/51 MP: 1/12
  5299 | D:6      | Noticed Menkaure
  5317 | D:6      | Killed Menkaure
  5484 | D:6      | Slain by a centaur

Levels and vault maps discovered:
D:1:      scummos_arrival_gate, layout_basic
D:2:      layout_basic, serial_park_tiny_1, nrook_campfire
D:3:      layout_rooms, overflow_temple_1_default, overflow_temple_1_default
D:4:      layout_loops_ring, first_ration, roderic_filled_cross,
          kennysheep_generic_room_11
D:5:      layout_basic, marbit_many_paths, yredelemnul_altar_generic,
          minmay_temple_entry_trees, enter_ossuary_2, kennysheep_generic_room_6
D:6:      layout_basic, uniq_menkaure
Temple:   minmay_crystal_spiral_temple

Skill      XL: |  1  2  3  4  5  6 |
---------------+-------------------+-----
Fighting       | 1 2 |  2.6
Summonings     | 5 6 |  6.4
Polearms       | 1 2 3 |  3.3
Spellcasting   | 3 |  3.6
Dodging        | |  2.1
Stealth        | |  3.0

Action                   |  1- 3 |  4- 6 |  7- 9 || total
-------------------------+-------+-------+-------++-------
Melee: Whip              |    16 |       |       ||    16
       Short sword       |    98 |       |       ||    98
       Unarmed           |     3 |       |       ||     3
       Bite              |     9 |     3 |       ||    12
       Dagger            |    59 |       |       ||    59
       Trident           |     1 |    93 |    14 ||   108
 Cast: Summon Small Mamm |    12 |     4 |       ||    16
       Call Imp          |    24 |    26 |     5 ||    55
       Call Canine Famil |     1 |     2 |     2 ||     5
       Summon Lightning  |       |     1 |       ||     1
 Stab: Sleeping          |     6 |     5 |       ||    11
       Distracted        |       |     2 |       ||     2
Armor: Robe              |    45 |    17 |     1 ||    63
Dodge: Dodged            |   146 |    55 |    11 ||   212
